 Dungeon Crawl Stone Soup version 0.28.0-49-g6dfe1f597d (webtiles) character file.

Game seed: 5932080650106895182

11163 CryoSword the Shield-Bearer (level 11, -6/86 HPs)
             Began as a Demigod Fighter on May 16, 2022.
             Engulfed by an ice statue's freezing vapour (28 damage)
             ... in an ice cave.
             The game lasted 00:24:38 (15193 turns).

CryoSword the Shield-Bearer (Demigod Fighter)      Turns: 15193, Time: 00:24:39

Health: -6/86      AC: 12    Str: 25    XL:     11   Next: 22%
Magic:  14/20      EV: 30    Int: 14    God:
Gold:   461        SH:  6    Dex: 13    Spells: 6/18 levels left

rFire   . . .      SeeInvis .   a - +3 trident (holy)
rCold   . . .      Faith    .   c - +0 buckler
rNeg    . . .      Spirit   .   H - +0 swamp dragon scales
rPois   +          Reflect  .   (no helmet)
rElec   .          Harm     .   u - +0 cloak
rCorr   .          Rampage  .   S - +0 pair of gloves
Will    +....                   e - +0 pair of boots
Stlth   ++........              w - amulet of the acrobat
HPRegen 0.24/turn               D - ring of wizardry
MPRegen 0.17/turn               T - +4 ring of evasion

@: acrobatic
A: high MP 1, forlorn, divine attributes
a: no special abilities


You were in an ice cave.
You visited 1 branch of the dungeon, and saw 11 of its levels.
You also visited: Ice Cave.

You collected 559 gold pieces.
You spent 98 gold pieces at shops.

Inventory:

Hand Weapons
 a - a +3 trident of holy wrath (weapon)
   (You took it off a gnoll sergeant on level 4 of the Dungeon)
 s - a +0 war axe
 O - a +2 flail of venom
   (You took it off an orc on level 4 of the Dungeon)
Missiles
 l - 2 boomerangs
 B - 30 poisoned darts
 I - 2 curare-tipped darts
 R - 2 throwing nets
Armour
 c - a +0 buckler (worn)
 e - a +0 pair of boots (worn)
   (You bought it in a shop on level 2 of the Dungeon)
 u - a +0 cloak (worn)
   (You took it off Crazy Yiuf on level 2 of the Dungeon)
 H - +0 swamp dragon scales (worn)
   (You took it off Maggie on level 7 of the Dungeon)
 J - the +7 tower shield of Instinct {rF+ MP+9 Str-4}
   (You found it on level 7 of the Dungeon)

   Str:       It affects your strength (-4).
   rF:        It protects you from fire.
   MP:        It affects your magic capacity (+9).
 S - a +0 pair of gloves (worn)
   (You bought it in a shop on level 2 of the Dungeon)
Jewellery
 f - a +6 ring of intelligence
   (You found it on level 2 of the Dungeon)
 w - an amulet of the acrobat (around neck)
   (You took it off Grum on level 8 of the Dungeon)
 D - a ring of wizardry (left hand)
   (You found it on level 6 of the Dungeon)
 L - a ring of protection from fire
   (You found it on level 9 of the Dungeon)
 T - a +4 ring of evasion (right hand)
   (You found it on level 11 of the Dungeon)
Wands
 E - a wand of acid (7)
   (You took it off Maggie on level 7 of the Dungeon)
 G - a wand of iceblast (7) (quivered)
   (You found it on level 6 of the Dungeon)
 Q - a wand of paralysis (8)
   (You found it on level 10 of the Dungeon)
Scrolls
 b - 3 scrolls of magic mapping
 h - a scroll of torment {unknown}
 i - a scroll of summoning {unknown}
 m - 2 scrolls of fog {unknown}
 o - 3 scrolls of teleportation {@r4}
 q - a scroll of amnesia {unknown}
 x - a scroll of silence {unknown}
 y - a scroll of enchant weapon {unknown}
 z - 2 scrolls of blinking {unknown}
 F - 2 scrolls of enchant armour {unknown}
 M - a scroll of identify {@r1}
 N - a scroll of fear {unknown}
 P - 3 scrolls of immolation {unknown}
Potions
 d - a potion of might
 g - 2 potions of brilliance {unknown}
 j - 7 potions of curing {@q1}
 k - a potion of invisibility {unknown}
 n - 2 potions of heal wounds {@q2}
 p - 3 potions of lignification {unknown}
 r - a potion of cancellation {unknown}
 t - 4 potions of berserk rage {unknown}
 v - 2 potions of magic {unknown}
 A - 2 potions of flight
 C - 2 potions of attraction {!q}
 K - 3 potions of mutation {unknown}


   Skills:
 + Level 5.1 Fighting
 - Level 4.6(5.4) Axes
 * Level 4.3(5.3) Polearms
 - Level 4.4 Armour
 - Level 3.1 Dodging
 - Level 3.2 Stealth
 + Level 7.9 Shields
 + Level 4.1 Spellcasting
 + Level 3.8 Conjurations
 + Level 3.1 Transmutations
 + Level 4.1 Fire Magic
 - Level 3.0 Air Magic
 * Level 7.3 Poison Magic


You had 6 spell levels left.
You knew the following spells:

 Your Spells              Type           Power      Damage    Failure   Level
a - Poisonous Vapours     Pois/Air       34%        N/A       2%          2
b - Olgreb's Toxic Radia  Pois           23%        N/A       7%          4
c - Ignite Poison         Fire/Tmut/Pois 16%        N/A       6%          3
C - Mephitic Cloud        Conj/Pois/Air  16%        N/A       6%          3

Your spell library contained the following spells:

 Spells                   Type           Power      Damage    Failure   Level
 Sting                    Tmut/Pois      68%        1d6       1%          1
 Passwall                 Tmut/Erth      5%         N/A       12%         2
 Swiftness                Air            11%        N/A       12%         3
 Inner Flame              Hex/Fire       8%         N/A       17%         3
 Dazzling Flash           Conj/Hex       16%        N/A       19%         3
 Ensorcelled Hibernation  Hex/Ice        4%         N/A       21%         2
 Iskenderun's Mystic Bla  Conj/Tloc      8%         2d4       52%         4
 Blade Hands              Tmut           5%         N/A       69%         5
 Animate Armour           Summ/Erth      4%         N/A       77%         4
 Cause Fear               Hex            1%         N/A       77%         4
 Freezing Cloud           Conj/Ice/Air   4%         6-21      80%         5
 Starburst                Conj/Fire      6%         6d4       98%         6
 Iron Shot                Conj/Erth      4%         9d2       100%        6
 Discord                  Hex            1%         N/A       100%        8


Dungeon Overview and Level Annotations

Branches:
Dungeon (11/15)            Temple (0/1) D:6            Lair (0/6) D:8
    Orc (0/2) D:10          IceCv (1/1)

Shops:
D:2 [

Annotations:
D:8 3 runed translucent doors, 101zpm's ghost, novice DjFE IceCv exclusion: 2 ice statues


Innate Abilities, Weirdness & Mutations

You have an increased reservoir of magic. (+10% MP)
You shall have no god before yourself.
Your divine heritage dramatically boosts your attributes as you level up.


Message History

* * * LOW HITPOINT WARNING * * *
You block the two-headed ogre simulacrum's attack.
Reach: a) +3 trident (holy)
Aim: a two-headed ogre simulacrum (almost destroyed, about 6% to evade your +3 trident of holy wrath)
You puncture the two-headed ogre simulacrum!
You start resting.
You hear the quick crackling of a melting archway very nearby.
Search for what [Enter for "armor", or ? for help]? rc+ Unknown command.
A naga simulacrum comes into view.
A troll simulacrum comes into view.
A spriggan simulacrum comes into view.
You can't see any susceptible monsters within range! (Use Z to cast anyway.)
The ball explodes into a vile cloud!
The stinking cloud engulfs the naga simulacrum but does no damage.
You ignite the poison in your surroundings!
The naga simulacrum is engulfed in blazing flames.
The troll simulacrum is engulfed in blazing flames.
Reach: a) +3 trident (holy)
Aim: a spriggan simulacrum (about 46% to evade your +3 trident of holy wrath)
You reach to attack!
You puncture the spriggan simulacrum!
The spriggan simulacrum convulses!
There is a frozen archway here.
The world spins around you as you enter the gateway.
You enter an ice cave!
Found an ice covered gate leading back out of this place.
There is an ice choked empty arch of ancient stone here.
You can't see any susceptible monsters within range! (Use Z to cast anyway.) Unknown command.
You can't see any susceptible monsters within range! (Use Z to cast anyway.)
The ball explodes into a vile cloud!
The stinking cloud engulfs the two-headed ogre simulacrum but does no damage.
The stinking cloud engulfs the naga simulacrum but does no damage.
You hear a shout!
You ignite the poison in your surroundings!
The two-headed ogre simulacrum is engulfed in blazing flames.
Reach: a) +3 trident (holy)
Aim: a two-headed ogre simulacrum (almost destroyed, about 6% to evade your +3 trident of holy wrath)
You reach to attack!
You puncture the two-headed ogre simulacrum!
The naga simulacrum is engulfed in blazing flames.
You start resting.
An ufetubus comes into view.
An ufetubus is nearby!
You are too injured to fight recklessly!
You are too injured to fight recklessly!
You are too injured to fight recklessly!
You are too injured to fight recklessly!
Reach: a) +3 trident (holy)
Aim: an ufetubus (about 52% to evade your +3 trident of holy wrath)
You closely miss the ufetubus. The ufetubus completely misses you.
The ufetubus misses you. You block the ufetubus's attack.
The ufetubus misses you.
Reach: a) +3 trident (holy)
Aim: an ufetubus (about 52% to evade your +3 trident of holy wrath)
You barely miss the ufetubus. The ufetubus closely misses you.
The ufetubus hits you but does no damage.
The ufetubus misses you. The ufetubus barely misses you.
Reach: a) +3 trident (holy)
Aim: an ufetubus (about 52% to evade your +3 trident of holy wrath)
You puncture the ufetubus!
You kill the ufetubus!
Reach: a) +3 trident (holy) That would be overly suicidal.
Okay, then.
Unknown command.
You start resting.
You start resting.
A death yak simulacrum comes into view.
A cane toad simulacrum comes into view.
Reach: a) +3 trident (holy)
Aim: a cane toad simulacrum (about 16% to evade your +3 trident of holy wrath)
You reach to attack!
You hit the cane toad simulacrum.
The cane toad simulacrum convulses!
Reach: a) +3 trident (holy)
Aim: a cane toad simulacrum (severely damaged, about 16% to evade your +3 trident of holy wrath)
You hit the cane toad simulacrum.
The cane toad simulacrum convulses.
A death yak simulacrum is nearby!
A death yak simulacrum is nearby!
You puncture the death yak simulacrum!
The death yak simulacrum convulses.
You hit the death yak simulacrum.
The death yak simulacrum convulses.
The death yak simulacrum completely misses you.
A cane toad simulacrum comes into view.
You hit the death yak simulacrum but do no damage.
The death yak simulacrum closely misses you.
You hit the death yak simulacrum.
The death yak simulacrum convulses.
The death yak simulacrum gores you but does no damage.
You hit the death yak simulacrum but do no damage.
The death yak simulacrum gores you. The death yak simulacrum freezes you!!
You hit the death yak simulacrum.
The death yak simulacrum convulses.
The death yak simulacrum gores you. The death yak simulacrum freezes you!!
* * * LOW HITPOINT WARNING * * *
You are too injured to fight recklessly!
You can't see any susceptible monsters within range! (Use Z to cast anyway.)
The ball explodes into a vile cloud!
The stinking cloud engulfs the death yak simulacrum but does no damage.
The stinking cloud engulfs you but does no damage.
You ignite the poison in your surroundings!
The death yak simulacrum is engulfed in blazing flames.
You puncture the cane toad simulacrum!
The cane toad simulacrum convulses!
The cane toad simulacrum is engulfed in blazing flames.
You start resting.
You start resting.
A death yak simulacrum comes into view.
A death yak simulacrum is nearby!
You can't see any susceptible monsters within range! (Use Z to cast anyway.)
The ball explodes into a vile cloud!
You ignite the poison in your surroundings!
The death yak simulacrum is engulfed in blazing flames.
The death yak simulacrum is engulfed in blazing flames.
You start resting.
There is an ice covered gate leading back out of this place here. 2 ice statues come into view.
Found a scroll labelled XIUBRUITUMN and a scroll of identify.
Here: an ice statue Item here: a scroll labelled XIUBRUITUMN.
The floor.
The ball explodes into a vile cloud!
The stinking cloud engulfs the ice statue but does no damage.
You ignite the poison in your surroundings!
The ice statue is engulfed in blazing flames.
The ice statue gestures at you.
You hear a sizzling sound!
Reach: a) +3 trident (holy)
Aim: an ice statue (flame, moderately damaged, about 6% to evade your +3 trident of holy wrath)
You reach to attack!
You hit the ice statue.
You are engulfed in freezing vapours.
The ice statue is engulfed in blazing flames.
The ice statue gestures at you. The bolt of cold hits you!
Reach: a) +3 trident (holy)
Aim: an ice statue (flame, heavily damaged, about 6% to evade your +3 trident of holy wrath)
You reach to attack!
You hit the ice statue.
You are engulfed in freezing vapours.
* * * LOW HITPOINT WARNING * * *
The ice statue is engulfed in blazing flames.
Reach: a) +3 trident (holy)
Aim: an ice statue (flame, severely damaged, about 6% to evade your +3 trident of holy wrath)
You reach to attack!
You hit the ice statue but do no damage.
You are engulfed in freezing vapours.
* * * LOW HITPOINT WARNING * * *
The ice statue is engulfed in blazing flames.
The ice statue gestures at you. The bolt of cold misses you.
Really walk into that cloud of freezing vapour?
Okay, then.
Really walk into that cloud of freezing vapour?
You are engulfed in freezing vapours.
You die...

.............#
..............#
.......⌠.......#
...............#
...............#
#.......○.°°..#
#........°°°°.#
#........°.°#
#8#...@°#8##
##...## # #...##
##...# ##...#
#...## ##...##
##.....##
#...∩...#


There were no monsters in sight!

Vanquished Creatures
  A boulder beetle (D:9)
  A two-headed ogre (D:10)
  A tengu warrior (D:11)
  Pikel (D:8)
  A cyclops (D:11)
  Joseph (D:7)
  Maggie (D:7)
  A tengu conjurer (D:11)
  A troll (D:11)
  Grinder (D:4)
  A hornet (D:9)
  2 shadows
  15 yaks
  Grum (D:8)
  2 death yak simulacra (IceCv)
  3 water moccasins
  A black bear (D:4)
  7 orc warriors
  2 sky beasts
  4 wolves (D:8)
  A centaur (D:7)
  A necrophage (D:5)
  An ogre (D:5)
  3 kobold brigands
  2 lemures (D:8)
  2 gnoll sergeants
  3 bullfrogs
  2 cane toad simulacra (IceCv)
  5 scorpions
  2 two-headed ogre simulacra
  2 wyvern skeletons (D:7)
  4 killer bees (D:8)
  4 howler monkeys
  A centaur zombie (D:8)
  A bullfrog zombie (D:5)
  6 hounds
  A jelly (D:8)
  2 orc priests
  A bullfrog skeleton (D:6)
  Crazy Yiuf (D:2)
  A centaur skeleton (D:6)
  2 iguanas
  6 orc wizards
  A spriggan simulacrum (D:11)
  A troll simulacrum (D:11)
  A killer bee zombie (D:9)
  A howler monkey zombie (D:7)
  13 gnolls
  6 adders
  2 naga simulacra
  A white imp (D:6)
  2 ufetubi
  2 worms
  2 dart slugs
  30 orcs
  4 ball pythons
  5 bats
  4 endoplasms
  6 giant cockroaches
  4 goblins
  8 hobgoblins
  8 jackals
  2 quokkas
  2 frilled lizards
  20 kobolds
  4 rats
231 creatures vanquished.

Vanquished Creatures (others)
  An orc wizard (D:6)
  20 fungi (D:8)
  30 plants (D:8)
51 creatures vanquished.

Grand Total: 282 creatures vanquished

Notes
Turn   | Place    | Note
-------+----------+-------------------------------------------
     0 | D:1      | CryoSword the Demigod Fighter began the quest for the Orb.
     0 | D:1      | Reached XP level 1. HP: 18/18 MP: 3/3
   332 | D:1      | Reached XP level 2. HP: 24/25 MP: 4/4
  1469 | D:2      | Reached XP level 3. HP: 30/30 MP: 5/5
  1708 | D:2      | Found Gaipeof's Armour Shop.
  1716 | D:2      | Bought a +0 pair of boots for 49 gold pieces
  1830 | D:2      | Found a runed translucent door.
  1831 | D:2      | Noticed Crazy Yiuf
  2153 | D:2      | Killed Crazy Yiuf
  2197 | D:2      | Identified the +1 ring mail of Gravity {Dex+5}
  2507 | D:3      | Reached XP level 4. HP: 24/38 MP: 6/6
  3437 | D:4      | Reached skill level 1 in Dodging
  3691 | D:4      | Noticed a sky beast
  3736 | D:4      | Killed a sky beast
  3737 | D:4      | Reached skill level 1 in Stealth
  3737 | D:4      | Reached XP level 5. HP: 16/45 MP: 7/7
  3947 | D:4      | Noticed Grinder
  3947 | D:4      | Paralysed by Grinder for 7 turns
  3970 | D:4      | Killed Grinder
  3971 | D:4      | Reached XP level 6. HP: 17/51 MP: 8/8
  4452 | D:4      | Reached XP level 7. HP: 43/58 MP: 9/9
  4840 | D:5      | Entered Level 5 of the Dungeon
  5624 | D:5      | Reached skill level 5 in Shields
  5626 | D:5      | Reached skill level 1 in Conjurations
  6005 | D:5      | Reached XP level 8. HP: 59/67 MP: 10/10
  7085 | D:6      | Identified the +5 dagger of Infection {distort, rPois}
  7530 | D:6      | Found a staircase to the Ecumenical Temple.
  7882 | D:7      | Reached skill level 1 in Fire Magic
  7882 | D:7      | Reached skill level 1 in Poison Magic
  7999 | D:7      | Noticed Maggie
  8023 | D:7      | Killed Maggie
  8024 | D:7      | Reached skill level 1 in Spellcasting
  8041 | D:7      | Learned a level 2 spell: Poisonous Vapours
  8046 | D:7      | Learned a level 4 spell: Olgreb's Toxic Radiance
  8050 | D:7      | Learned a level 3 spell: Ignite Poison
  8164 | D:7      | Noticed Joseph
  8194 | D:7      | HP: 1/67 [Joseph/+0 quarterstaff (17)]
  8199 | D:7      | Killed Joseph
  8200 | D:7      | Reached XP level 9. HP: 26/72 MP: 8/14
  9142 | D:7      | Identified the +7 tower shield of Instinct {rF+ MP+9 Str-4}
  9284 | D:8      | Noticed Pikel
  9297 | D:8      | Killed Pikel
  9298 | D:8      | Reached skill level 1 in Transmutations
  9298 | D:8      | Reached skill level 1 in Air Magic
  9694 | D:8      | Noticed Grum
  9710 | D:8      | Killed Grum
 10200 | D:8      | Reached XP level 10. HP: 46/80 MP: 3/16
 10553 | D:8      | Found a staircase to the Lair.
 10648 | D:8      | Reached skill level 5 in Poison Magic
 10716 | D:8      | Found a runed translucent gate.
 10717 | D:8      | Found a runed translucent gate.
 10718 | D:8      | Found a runed translucent gate.
 10719 | D:8      | Noticed 101zpm's ghost (novice DjFE)
 10719 | D:8      | Noticed a nine-headed hydra
 11749 | D:9      | Reached skill level 1 in Polearms
 12101 | D:9      | Noticed a boulder beetle
 12107 | D:9      | Killed a boulder beetle
 12267 | D:9      | Learned a level 3 spell: Mephitic Cloud
 12345 | D:9      | Identified the +5 long sword of Vanity {vorpal, rF- rC+
                  | rN++ Str-5}
 12684 | D:10     | Entered Level 10 of the Dungeon
 13242 | D:10     | Noticed a two-headed ogre
 13246 | D:10     | Killed a two-headed ogre
 13758 | D:10     | Found a staircase to the Orcish Mines.
 14027 | D:2      | Bought a +0 pair of gloves for 49 gold pieces
 14223 | D:11     | Noticed a tengu warrior
 14227 | D:11     | Killed a tengu warrior
 14228 | D:11     | Reached XP level 11. HP: 85/85 MP: 7/20
 14230 | D:11     | Noticed a two-headed ogre
 14502 | D:11     | Reached skill level 5 in Fighting
 14717 | D:11     | Found a frozen archway.
 14785 | IceCv    | Entered an ice cave
 15193 | IceCv    | Engulfed by an ice statue's freezing vapour

Illustrated notes

Levels and vault maps discovered:
D:1:      minmay_arrival_four_loops, layout_basic,
          hellmonk_ecumenical_altar_inner_sanctum
D:2:      layout_loops_ring, serial_shops, shop, minmay_pentomino_p2,
          uniq_crazy_yiuf_cottage
D:3:      layout_loops_ring
D:4:      layout_loops_ring, uniq_grinder
D:5:      wad_crossroads, layout_layer_cave, evilmike_ruin_ashenzari,
          minivault_24, minmay_misc_feat_tiny
D:6:      layout_loops_cross, temple_doors_ab, serial_glass, glass_columns_a,
          glass_columns_a, glass_columns_a, glass_columns_a, glass_columns_a,
          glass_columns_a, glass_columns_a, glass_columns_a,
          due_unseen_surprise, item_on_display_b, minmay_misc_feat_nine_boxes,
          st_stairs_12
D:7:      layout_basic, uniq_maggie, uniq_joseph
D:8:      layout_loops_ring, grunt_lair_entry_orc_guard_hut,
          gammafunk_ghost_hydra_chop, uniq_pikel, uniq_grum
D:9:      layout_basic, nzn_sisyphean_effort
D:10:     layout_loops_cross, orc_0_dummy
D:11:     layout_irregular_city, portal_ice_cave_entry_ice_simulacra
IceCv:    ice_cave_tombish

Skill      XL: |  1  2  3  4  5  6  7  8  9 10 11 |
---------------+----------------------------------+-----
Axes           | 2 3 4 |  4.6
Shields        | 3 4 5 6 7 |  7.9
Fighting       | 3 4 5 |  5.1
Armour         | 3 4 |  4.4
Dodging        | 1 2 3 |  3.1
Stealth        | 1 2 3 |  3.2
Conjurations   | 1 3 |  3.8
Fire Magic     | 2 4 |  4.1
Poison Magic   | 2 4 7 |  7.3
Spellcasting   | 1 2 3 4 |  4.1
Transmutations | 2 3 |  3.1
Air Magic      | 3 |  3.0
Polearms       | 3 4 |  4.3

Action                   |  1- 3 |  4- 6 |  7- 9 | 10-12 || total
-------------------------+-------+-------+-------+-------++-------
Melee: War axe           |    39 |       |       |       ||    39
       Dagger            |    79 |    71 |       |       ||   150
       Flail             |       |    46 |   197 |       ||   243
       Trident           |       |       |    66 |    99 ||   165
Throw: Dart              |       |       |     3 |       ||     3
 Cast: Poisonous Vapours |       |       |     7 |    27 ||    34
       Olgreb's Toxic Ra |       |       |    10 |    19 ||    29
       Ignite Poison     |       |       |     7 |    32 ||    39
       Mephitic Cloud    |       |       |       |     6 ||     6
Evoke: Wand              |       |       |     1 |       ||     1
  Use: Potion            |     1 |       |     3 |       ||     4
       Scroll            |     4 |     1 |       |     2 ||     7
 Stab: Sleeping          |     1 |     1 |     5 |     1 ||     8
Armor: Scale mail        |    51 |       |       |       ||    51
       Ring mail         |     2 |    55 |    67 |       ||   124
       Swamp dragon scal |       |       |    49 |    38 ||    87
Dodge: Dodged            |    53 |    59 |   148 |    55 ||   315
Block: Buckler           |    27 |    38 |    92 |    16 ||   173
